 Dungeon Crawl Stone Soup version 0.31-a0-965-g8a8ce12e04 (webtiles) character file.

Game seed: 8690621521653160808

196 Maratek the Shield-Bearer (level 5, -2/47 HPs)
             Began as a Gnoll Fighter on Oct 26, 2023.
             Was a Follower of Kikubaaqudgha.
             Slain by a gnoll
             ... wielding a +0 halberd
              (8 damage)
             ... on level 3 of the Dungeon.
             The game lasted 00:02:07 (2105 turns).

Maratek the Shield-Bearer (Gnoll Fighter)           Turns: 2105, Time: 00:02:08

Health: -2/47      AC:  7    Str: 17    XL:     5   Next: 75%
Magic:  7/7        EV:  9    Int:  7    God:    Kikubaaqudgha [*.....]
Gold:   220        SH:  5    Dex: 12    Spells: 7/7 levels left

rFire   . . .        a - +0 trident
rCold   . . .        c - +0 buckler
rNeg    . . .        b - +0 scale mail
rPois   .            (no helmet)
rElec   .            (no cloak)
rCorr   .            (no gloves)
SInv    .            (no boots)
Will    .....        (no amulet) Stlth
                     (no ring)
HPRegen 0.27/turn    (no ring)
MPRegen 0.10/turn

%: no passive effects
@: no status effects
A: fangs 1, strong nose, distributed training
a: Renounce Religion, Unearth Wretches


You were on level 3 of the Dungeon.
You worshipped Kikubaaqudgha.
Kikubaaqudgha was aware of your devotion.
You visited 1 branch of the dungeon, and saw 3 of its levels.

You collected 220 gold pieces.

Inventory:

Hand Weapons
 a - a +0 trident (weapon)
Missiles
 l - 4 throwing nets
Armour
 b - a +0 scale mail (worn)
 c - a +0 buckler (worn)
Scrolls
 f - a scroll of revelation {unknown}
 g - a scroll of teleportation {unknown}
 i - a scroll of torment {unknown}
Potions
 d - 2 potions of might
 e - a potion of cancellation {unknown}
 h - 2 potions of heal wounds {unknown}
 j - a potion of degeneration {unknown}
 k - a potion of brilliance {unknown}


   Skills:
 + Level 6.7 Fighting
 + Level 1.6 Short Blades
 + Level 1.6 Long Blades
 + Level 1.6 Axes
 + Level 1.6 Maces & Flails
 + Level 4.8 Polearms
 + Level 1.6 Staves
 + Level 1.6 Ranged Weapons
 + Level 1.6 Throwing
 + Level 6.7 Armour
 + Level 1.6 Dodging
 + Level 1.6 Stealth
 + Level 6.7 Shields
 + Level 1.6 Unarmed Combat
 + Level 1.6 Spellcasting
 + Level 1.3 Conjurations
 + Level 1.3 Hexes
 + Level 1.3 Summonings
 + Level 1.3 Necromancy
 + Level 1.3 Translocations
 + Level 1.3 Transmutations
 + Level 1.3 Fire Magic
 + Level 1.3 Ice Magic
 + Level 1.3 Air Magic
 + Level 1.3 Earth Magic
 + Level 1.3 Poison Magic
 + Level 1.9 Invocations
 + Level 1.6 Evocations
 + Level 1.5 Shapeshifting


You had 7 spell levels left.
You didn't know any spells.
Your spell library contained the following spells:

 Spells                   Type           Power      Damage    Failure   Level
 Kiss of Death            Conj/Necr      8%         2d6       63%         1
 Magic Dart               Conj           8%         1d3       63%         1
 Necrotise                Necr           8%         1d4       63%         1
 Searing Ray              Conj           4%         2d4       77%         2
 Sublimation of Blood     Necr           2%         N/A       77%         2
 Vampiric Draining        Necr           2%         2d6       94%         3
 Fulminant Prism          Conj/Hex       1%         3d5       100%        4


Dungeon Overview and Level Annotations

Branches:
Dungeon (3/15)

Altars:
Kikubaaqudgha
Qazlal


Innate Abilities, Weirdness & Mutations

You have very sharp teeth.
Your uncanny sense of smell can sniff out nearby items.
Your experience applies equally to all skills.


Message History

You reach to attack!
You hit the gnoll.
The gnoll is heavily wounded.
The gnoll hits you from afar with a +0 halberd.
You are too injured to fight recklessly!
You are too injured to fight recklessly!
You are too injured to fight recklessly!
You are too injured to fight recklessly!
You are too injured to fight recklessly!
You are too injured to fight recklessly!
You are too injured to fight recklessly!
You are too injured to fight recklessly!
You are too injured to fight recklessly!
You are too injured to fight recklessly!
You are too injured to fight recklessly!
You are too injured to fight recklessly!
You are too injured to fight recklessly!
You are too injured to fight recklessly!
You are too injured to fight recklessly!
You are too injured to fight recklessly!
You are too injured to fight recklessly!
You are too injured to fight recklessly!
You are too injured to fight recklessly!
You are too injured to fight recklessly!
You are too injured to fight recklessly!
You are too injured to fight recklessly!
You are too injured to fight recklessly!
Unknown command.
You are too injured to fight recklessly!
You block the gnoll's attack.
The gnoll hits you from afar with a +0 spear.
You hit the gnoll but do no damage.
The gnoll is heavily wounded.
The gnoll hits you with a +0 halberd!
* * * LOW HITPOINT WARNING * * *
You block the gnoll's attack.
You hit the gnoll. You bite the gnoll, but do no damage.
The gnoll is severely wounded.
The gnoll hits you with a +0 halberd!
You die...
Kikubaaqudgha rasps: "You have failed me!
Welcome... death!"

#..# ... ###..# #.#
.......#### .........
......# .g......#
#..##.# # #g##.##.#
#.....# ###.#g##.##.#
#<.##.# ...#g##.##.#
##.##.# .####.#@##.##.#
#....#
..............####.#####
...............†........
.#.##..$...###.#.#.#####
# #.....#.##..#.#.#
#...###.#.##[...... #..#
#.#.##..###.## #..
#.#.....# #.# ...
#.#.##..# #.#


You could see 4 gnolls.

Vanquished Creatures
  Jessica (D:2)
  A gnoll bouda (D:2)
  5 adders (D:2)
  5 gnolls (D:2)
  2 worms (D:2)
  A dart slug (D:1)
  3 ball pythons
  8 goblins
  8 hobgoblins
  4 jackals (D:1)
  A quokka (D:2)
  3 bats
  A frilled lizard (D:2)
  3 kobolds
  4 rats
50 creatures vanquished.

Notes
Turn   | Place    | Note
-------+----------+-------------------------------------------
     0 | D:1      | Maratek the Gnoll Fighter began the quest for the Orb.
     0 | D:1      | Reached XP level 1. HP: 23/23 MP: 1/1
   285 | D:1      | Reached XP level 2. HP: 29/29 MP: 2/2
   691 | D:1      | Reached XP level 3. HP: 35/35 MP: 3/3
   805 | D:1      | Found a faded altar of an unknown god.
   993 | D:1      | Prayed at the altar of an unknown god.
   993 | D:1      | Became a worshipper of Kikubaaqudgha
   993 | D:1      | Reached * piety under Kikubaaqudgha
   993 | D:1      | Received a gift from Kikubaaqudgha
  1048 | D:2      | Noticed Jessica
  1057 | D:2      | Killed Jessica
  1058 | D:2      | Reached skill level 1 in Short Blades
  1058 | D:2      | Reached skill level 1 in Long Blades
  1058 | D:2      | Reached skill level 1 in Axes
  1058 | D:2      | Reached skill level 1 in Maces & Flails
  1058 | D:2      | Reached skill level 1 in Staves
  1058 | D:2      | Reached skill level 1 in Ranged Weapons
  1058 | D:2      | Reached skill level 1 in Throwing
  1058 | D:2      | Reached skill level 1 in Dodging
  1058 | D:2      | Reached skill level 1 in Stealth
  1058 | D:2      | Reached skill level 1 in Unarmed Combat
  1058 | D:2      | Reached skill level 1 in Spellcasting
  1058 | D:2      | Reached skill level 1 in Invocations
  1058 | D:2      | Reached skill level 1 in Evocations
  1069 | D:2      | Reached XP level 4. HP: 41/41 MP: 5/5
  1073 | D:2      | Reached skill level 1 in Shapeshifting
  1318 | D:2      | Reached skill level 1 in Conjurations
  1318 | D:2      | Reached skill level 1 in Hexes
  1318 | D:2      | Reached skill level 1 in Summonings
  1318 | D:2      | Reached skill level 1 in Necromancy
  1318 | D:2      | Reached skill level 1 in Translocations
  1318 | D:2      | Reached skill level 1 in Transmutations
  1318 | D:2      | Reached skill level 1 in Fire Magic
  1318 | D:2      | Reached skill level 1 in Ice Magic
  1318 | D:2      | Reached skill level 1 in Air Magic
  1318 | D:2      | Reached skill level 1 in Earth Magic
  1318 | D:2      | Reached skill level 1 in Poison Magic
  1453 | D:2      | Found a stormy altar of Qazlal.
  1578 | D:2      | Reached XP level 5. HP: 32/47 MP: 5/7
  2105 | D:3      | Slain by a gnoll

Illustrated notes

Levels and vault maps discovered:
D:1:      dpeg_arrival_water_temple_mockup, layout_basic,
          shapermc_ecumenical_altar_venn
D:2:      layout_loops_ring, basic_altar, corexii_corridor_pit, uniq_jessica
D:3:      layout_basic, nicolae_hepliaklqana_monster_ancestors,
          eat_drink_and_be_merry_uskayaw

Skill      XL: |  1  2  3  4 |
---------------+-------------+-----
Short Blades   | 1 |  1.6
Long Blades    | 1 |  1.6
Axes           | 1 |  1.6
Maces & Flails | 1 |  1.6
Staves         | 1 |  1.6
Ranged Weapons | 1 |  1.6
Throwing       | 1 |  1.6
Dodging        | 1 |  1.6
Stealth        | 1 |  1.6
Unarmed Combat | 1 |  1.6
Spellcasting   | 1 |  1.6
Invocations    | 1 |  1.9
Evocations     | 1 |  1.6
Shapeshifting  | 1 |  1.5
Conjurations   | 1 |  1.3
Hexes          | 1 |  1.3
Summonings     | 1 |  1.3
Necromancy     | 1 |  1.3
Translocations | 1 |  1.3
Transmutations | 1 |  1.3
Fire Magic     | 1 |  1.3
Ice Magic      | 1 |  1.3
Air Magic      | 1 |  1.3
Earth Magic    | 1 |  1.3
Poison Magic   | 1 |  1.3
Fighting       | |  6.7
Polearms       | |  4.8
Armour         | |  6.7
Shields        | |  6.7

Action                     |  1- 3 |  4- 6 || total
---------------------------+-------+-------++-------
  Melee: Trident           |    68 |   137 ||   205
         Bite              |     5 |     7 ||    12
 Armour: Scale mail        |    27 |    72 ||    99
  Dodge: Dodged            |    17 |    46 ||    63
  Block: Buckler           |     8 |    40 ||    48

Table legend: (Time is in decaauts)
 A = Elapsed time spent in this place.
 B = Non-inter-level travel time spent in this place.
 C = Inter-level travel time spent in this place.
 D = Time resting spent in this place.
 E = Time spent auto-exploring this place.
 F = Levels seen in this place.
 G = Mean time per level.
                   A        B        C        D        E       F      G
               +--------+--------+--------+--------+--------+-----+--------+
         Total |   2124 |   1988 |    136 |      0 |   1638 |   3 |  708.0 |
       Dungeon |   2124 |   1988 |    136 |      0 |   1638 |   3 |  708.0 |
               +--------+--------+--------+--------+--------+-----+--------+

Top non-repeatable levels by time:
     D:1: 1049 daAuts
     D:2: 1030 daAuts
     D:3: 44 daAuts
